[Event "53rd Mar Del Plata Open 2024"]
[Site "Mar Del Plata"]
[Date "2024.03.24"]
[Round "1.1"]
[White "Magioncalda, Jorge"]
[Black "Christiansen, Johan-Sebastian"]
[Result "0-1"]
[ECO "C55"]
[WhiteElo "1861"]
[BlackElo "2633"]
[Annotator "TA"]
[PlyCount "54"]
[EventDate "2024.03.23"]
[EventType "swiss"]
[EventCountry "ARG"]
[SourceTitle "playchess.com"]
[Source "ChessBase"]
[SourceQuality "1"]
[TimeControl "5400+30"]

1. e4 e5 2. Nf3 Nc6 3. Bc4 Nf6 4. d3 h6 5. h3 d6 6. c3 g5 7. g4 (7. Bb3 $14) 7... Bg7 8. Nbd2 {[%emt 0:02:13] The position is equal.} O-O (8... a6 $11 {is superior.}) 9. Nf1 (9. h4 $14) 9... d5 $15 10. exd5 Nxd5 11. Bxd5 Qxd5 12. Ne3 Qd6 13. h4 f6 14. d4 exd4 15. cxd4 (15. Nxd4 $17 Nxd4 16. Qxd4) 15... Nb4 16. Bd2 Nd3+ 17. Kf1 {[%emt 0:00:10] [#] Strongly threatening Qb3+.} Nf4 {[%emt 0:00:02] Black has more active pieces.} ({Not} 17... Nxb2 18. Qb3+ Qe6 19. Qxb2 $16) 18. Bc3 {[%emt 0:11:50] This costs White the game.} (18. Kg1 $17) 18... b6 (18... f5 $19 19. Ne5 fxg4 20. N5xg4 gxh4) 19. Qa4 (19. Kg1 $17) 19... a5 {[%emt 0:00:09] ...Ba6+ would now be deadly.} 20. b4 $2 (20. Re1) 20... Bb7 $19 21. Nf5 Qe6 22. Re1 {[%emt 0:00:23] Wards off Qe2+} Qc4+ 23. Kg1 Bxf3 {[%emt 0:04:49] A strong pair of Bishops.} 24. Ne7+ Kh8 25. Qd7 Qxc3 26. Kh2 Bxh1 27. Re3 Qc2 {[%emt 0:00:39] Weighted Error Value: White=1.29/Black=0.18 (very precise) .  Mistake:       	White=6     	Black=2      Inaccurate:     	White=3     	Black=1      OK:         	White=3     	Black=6      Best:        	White=2     	Black=1} (27... Qb2 $142 28. Ng6+ Nxg6 29. Kxh1 Qxf2 (29... Qxa2 $2 30. Qc6 $19) 30. Qb5 Qxe3 (30... Qxh4+ $2 31. Kg2 $19) 31. Qf1 Nxh4 (31... Qxd4 {gets mated.} 32. bxa5 Rxa5 33. Qg2 Nxh4 34. Qe2 Qa1+ 35. Kh2 Rxa2 36. Qf2 Rxf2+ 37. Kg3 Rg2+ 38. Kh3 Qh1#) (31... Qe4+ 32. Kh2 axb4 33. Qf2 Nxh4 34. Kg3 Ra3+ 35. Kh2 Qxg4 36. Qf1 Nf3+ 37. Qxf3 Rxf3 38. Kh1 Rh3#) 32. Qg1 Qf3+ (32... Qe4+ 33. Kh2 Qe2+ 34. Kg3 Rfe8 35. Qf2 Re3+ 36. Kh2 Qxf2+ 37. Kh1 Rh3#) 33. Kh2 Rfe8 (33... axb4 34. a4 Rxa4 35. d5 Ra2+ 36. Qf2 Rxf2+ 37. Kg1 Qg2#) 34. bxa5 Re2+ 35. Qf2 Rxf2+ 36. Kg1 Qg2#) 0-1

[Event "53rd Mar Del Plata Open 2024"]
[Site "Mar Del Plata"]
[Date "2024.03.23"]
[Round "1.2"]
[White "Felgaer, Ruben"]
[Black "Barreira Vesco, Ulises"]
[Result "1-0"]
[ECO "B01"]
[WhiteElo "2565"]
[BlackElo "1858"]
[Annotator "TA"]
[PlyCount "51"]
[EventDate "2024.03.23"]
[EventType "swiss"]
[EventCountry "ARG"]
[SourceTitle "playchess.com"]
[Source "ChessBase"]
[SourceQuality "1"]
[TimeControl "5400+30"]

1. e4 d5 2. exd5 Nf6 3. d4 Bg4 4. f3 Bf5 5. Bb5+ c6 6. dxc6 Nxc6 7. Ne2 e6 8. O-O {[%emt 0:04:31] White is slightly better.} Qb6 9. Nbc3 Be7 10. Be3 (10. g4 $5 Bg6 $8 11. h4 $11) 10... Rd8 11. Qc1 (11. Bf2 $14 {deserves consideration.}) 11... Qa5 (11... a6 $11 12. Ba4 O-O) 12. a3 a6 13. Ba4 b5 14. Bb3 h6 {[%emt 0:00:30] [#]} 15. d5 $1 exd5 {[%emt 0:00:30] aiming for ...d4.} 16. Nd4 Nxd4 17. Bxd4 Be6 18. Qe3 {Strongly threatening a4.} Rb8 $2 {[%emt 0:01:30] [#] A mistake that costs the game.} (18... Qc7 $16) 19. f4 $1 $18 {[%emt 0:01:00][%cal Bf3f4,Bf4f5][%mdl 32] f5 is the strong threat.} Kf8 $2 (19... Ng4 20. Qe2 Bf6) 20. f5 Bd7 21. Nxd5 ({Less strong is} 21. Bxd5 Bd6 $16) 21... Nxd5 22. Qe5 Nf6 23. Qxb8+ Be8 24. Rfe1 {[%emt 0:00:30][%cal Oe1e7] White threatens Rxe7! and mate.} Qd2 25. Rad1 Qg5 {[%emt 0:00:30] [#]} 26. Rxe7 $1 {[%emt 0:00:30] Weighted Error Value: White=0.22 (precise) /Black=0.86.  Loses game:     	---       	Black=1      Mistake:       	White=1     	Black=2      Inaccurate:     	White=2     	Black=3      OK:         	White=4     	Black=6      Best:        	White=1     	---        Strong:       	White=1     	---} 1-0

[Event "53rd Mar Del Plata Open 2024"]
[Site "Mar Del Plata"]
[Date "2024.03.24"]
[Round "1.3"]
[White "Tristan, Leonardo"]
[Black "Etchevest, Marcelo"]
[Result "1-0"]
[ECO "A45"]
[WhiteElo "2521"]
[BlackElo "1854"]
[Annotator "TA"]
[PlyCount "57"]
[EventDate "2024.03.23"]
[EventType "swiss"]
[EventCountry "ARG"]
[SourceTitle "playchess.com"]
[Source "ChessBase"]
[SourceQuality "1"]
[TimeControl "5400+30"]

1. d4 Nf6 2. Bg5 Ne4 3. Bf4 g6 4. f3 Nf6 5. e4 Bg7 6. Nc3 c6 7. Qd2 {[%emt 0:01:43] White is more active.} Qa5 8. O-O-O {[%emt 0:05:06] White is better.} d6 9. Kb1 Be6 10. g4 ({White should try} 10. a3 $16) 10... Na6 11. Nge2 Nc7 (11... h5 $142) 12. Nc1 $16 a6 13. Nb3 Qb6 14. Be3 Bxb3 15. axb3 Nb5 (15... Qa5 $16 16. h4 h6) 16. Na4 $18 Qc7 {[%emt 0:02:13] [#]} 17. e5 Nd7 (17... dxe5 $16 18. dxe5 Nd5) 18. f4 e6 19. h4 h5 (19... c5 {was worth a try.}) 20. gxh5 gxh5 21. Bg2 O-O-O 22. c4 dxe5 23. cxb5 axb5 24. Nc3 {[%emt 0:00:05][%cal Oc3b5,Ba4c3,Bc3e4,Be4d6,Bd6f7][%mdl 32] [#] Nxb5! would now be deadly.} Qa5 (24... exd4 $142 25. Bxd4 Bxd4) 25. Ne4 ({But not} 25. dxe5 Nxe5 26. Qc2 Ng4 $18) ({Don't do} 25. b4 Qxb4 26. Ne4 (26. dxe5 Nxe5 $14) 26... Qe7 $18) 25... Qa6 $2 (25... Qxd2 26. Bxd2 Nf6 27. dxe5 Ng4) 26. Nd6+ Kc7 27. dxe5 Nxe5 28. fxe5 Ra8 29. Nxf7 {[%emt 0:00:23] Weighted Error Value: White=0.16 (very precise) /Black=0.67.  Mistake:       	White=2     	Black=6      Inaccurate:     	---       	Black=2      OK:         	White=5     	Black=4      Best:        	White=2     	---} 1-0

[Event "53rd Mar Del Plata Open 2024"]
[Site "Mar Del Plata"]
[Date "2024.03.23"]
[Round "1.4"]
[White "Acosta, Pablo Ismael"]
[Black "Fuxz, Diego"]
[Result "1-0"]
[ECO "C68"]
[WhiteElo "2463"]
[BlackElo "1848"]
[Annotator "TA"]
[PlyCount "59"]
[EventDate "2024.03.23"]
[EventType "swiss"]
[EventCountry "ARG"]
[SourceTitle "playchess.com"]
[Source "ChessBase"]
[SourceQuality "1"]
[TimeControl "5400+30"]

1. e4 e5 2. Nf3 Nc6 3. Bb5 a6 4. Bxc6 dxc6 5. Nc3 Qf6 6. d4 exd4 7. Qxd4 Qxd4 8. Nxd4 Bd7 9. Be3 O-O-O 10. O-O-O {[%emt 0:00:25] The position is equal.} Ne7 11. h4 b6 12. h5 h6 13. f3 Kb7 14. g4 f6 $2 {[%emt 0:01:31] [#] Loses the game.} (14... Bc8 $14) 15. Ne6 $1 $18 Kc8 (15... Bxe6 16. Rxd8) 16. Nxd8 Kxd8 17. Ne2 Kc8 $2 (17... Nc8 {was worth a try.} 18. Nf4 Bd6) 18. Nf4 c5 19. Rh2 {[%emt 0:00:51][%cal Bh1h2,Bh2d2,Bd2d8][%mdl 32] [#] aiming for Rhd2.} Be8 20. Rhd2 Nc6 {[%emt 0:01:37][%cal Be7c6,Bc6d4,Bd4f3][%mdl 32] Prevents Rd8+.} 21. Ne6 {[%emt 0:00:30][%cal Od2d8] And now Rd8+! would win.} Kb7 22. Bf4 Nd4 23. Nxc7 Bc6 24. c3 Nxf3 25. Rd8 g5 26. hxg6 {[%emt 0:00:58] Ne6 is the strong threat.} Bg7 27. Rxh8 Bxh8 28. Rd8 Ne5 29. Bxe5 fxe5 30. Rxh8 {[%emt 0:00:08] Weighted Error Value: White=0.08 (flawless) /Black=0.95.  Loses game:     	---       	Black=1      Mistake:       	---       	Black=1      Inaccurate:     	---       	Black=3      OK:         	White=10    	Black=6      Best:        	White=1     	---        Brilliant:      	White=1     	---} 1-0

[Event "53rd Mar Del Plata Open 2024"]
[Site "Mar Del Plata"]
[Date "2024.03.23"]
[Round "1.5"]
[White "Spata, German"]
[Black "Vecchio, Raul Antonio"]
[Result "1-0"]
[ECO "A44"]
[WhiteElo "2421"]
[BlackElo "1848"]
[Annotator "TA"]
[PlyCount "78"]
[EventDate "2024.03.23"]
[EventType "swiss"]
[EventCountry "ARG"]
[SourceTitle "playchess.com"]
[Source "ChessBase"]
[SourceQuality "1"]
[TimeControl "5400+30"]

1. d4 c5 2. d5 e5 3. c4 d6 4. e4 g6 5. Nc3 Bg7 6. Be2 Ne7 7. Nf3 a6 8. a3 O-O 9. O-O h6 {[%emt 0:00:54] White is slightly better.} 10. b4 b6 11. Ne1 f5 12. f3 Nd7 13. Nd3 Nf6 14. bxc5 bxc5 15. Be3 f4 16. Bf2 g5 17. Rb1 Bd7 18. Qb3 Ng6 19. Qb6 Qe7 {[%emt 0:00:04] [#]} (19... Bc8 $16 20. Qxd8 Rxd8) 20. Nxc5 $1 $18 dxc5 21. Bxc5 Qd8 22. Bf2 (22. Bxf8 $18 Bxf8 23. d6) 22... Qe8 (22... g4 $16) 23. c5 g4 24. c6 (24. Bxa6 gxf3 25. gxf3 Bh3 $11) 24... gxf3 25. Bxf3 (25. cxd7 $2 Nxd7 (25... fxe2 $2 26. dxe8=R exf1=R+ 27. Kxf1 $18) 26. Qb3 Rb8 $19 (26... fxe2 $2 27. Nxe2 Nf6 28. Qd3 $19)) 25... Bg4 {[%emt 0:00:13] [#]} 26. d6 $2 (26. Bxg4 $1 $18 Nxg4 27. d6) 26... Bxf3 $11 27. gxf3 {[%emt 0:00:03] Strongly threatening d7.} Kh8 $2 (27... Kh7 $1 $11 {and Black stays safe.}) 28. Rbd1 $2 ({Better is} 28. d7 $18 Qe6 29. Rfd1) 28... Qe6 29. d7 (29. c7 $1 $11 {remains equal.} Qh3 30. a4 (30. d7 $2 Nxd7 31. Qxg6 Rg8 $17)) 29... Qh3 $17 30. Be1 {[%emt 0:05:07] [#]} (30. d8=B $2 Ng4 (30... Qxf3 31. Bc5 $11) 31. Rfe1 Nxh2 $19 (31... Qxh2+ $2 32. Kf1 $19)) 30... Rab8 (30... Rg8 $1 $17 {( -> ...Bf8)} 31. d8=Q (31. d8=N $2 Bf8 $19) 31... Raxd8 32. Qxd8 (32. Rxd8 $2 Bf8 $19) 32... Ne7 (32... Rxd8 33. Rxd8+ Kh7 34. c7 $11)) 31. Qf2 $2 {[%emt 0:03:19] Active counter play!} (31. d8=R $2 Rxb6 32. R8d6 Rc8 $19) (31. Qxa6 Ne7 $14) (31. d8=Q $18 {and the rest is easy.} Rxb6 32. Qxb6) 31... Rbd8 32. Qg2 $36 {[%emt 0:06:41][%mdl 2048] White is in control. Really sharp!} Qe6 (32... Qh5 33. Nd5 Nxd7 34. Ba5 $11 (34. cxd7 Rxd7 35. Kh1 Rg8 $14)) 33. Qxg6 Qxc6 34. Nd5 {[%emt 0:00:00] Threatens to win with Bh4.} Qc5+ $2 (34... Qxd7 $16 35. Ba5 Rb8) 35. Kh1 $18 Nxd5 36. Rxd5 Qxa3 37. Bh4 {[%emt 0:00:00] White mates.} Qa4 38. Bxd8 Rxd8 39. Rg1 Rxd7 {[%emt 0:03:00] Weighted Error Value: White=0.47/Black=0.73.  Loses game:     	---       	Black=3      Missed win:     	White=3     	---        Mistake:       	White=2     	Black=2      Inaccurate:     	White=1     	Black=3      OK:         	White=8     	Black=5      Best:        	White=4     	Black=3      Brilliant:      	White=1     	---} 1-0

[Event "53rd Mar Del Plata Open 2024"]
[Site "Mar Del Plata"]
[Date "2024.03.24"]
[Round "1.6"]
[White "Marrujo Pardo, Mauricio Emmanuel"]
[Black "Casas, Nicolas"]
[Result "1-0"]
[ECO "B01"]
[WhiteElo "2337"]
[BlackElo "1845"]
[Annotator "RC"]
[PlyCount "57"]
[EventDate "2024.03.23"]
[EventType "swiss"]
[EventCountry "ARG"]
[SourceTitle "playchess.com"]
[Source "ChessBase"]
[SourceQuality "1"]
[TimeControl "5400+30"]

1. e4 d5 2. exd5 Qxd5 3. Nc3 Qd8 4. d4 e6 5. Nf3 Nf6 6. Bc4 c6 7. O-O Be7 8. Qe2 O-O 9. Rd1 Nbd7 10. a4 Nb6 11. Ba2 Nbd5 12. Nb1 b6 13. Ne5 Bb7 14. c4 Nb4 15. Bb3 a5 16. Nc3 Qc8 17. Bg5 h6 18. Bh4 Re8 19. Rac1 Nd7 20. Bxe7 Rxe7 21. Ne4 Nxe5 22. dxe5 c5 23. Rc3 Qc6 24. Nf6+ Kh8 25. Rg3 Qc8 26. Qg4 Qf8 27. Nd7 Qg8 28. Nxb6 Rae8 29. Nd7 1-0

[Event "53rd Mar Del Plata Open 2024"]
[Site "Mar Del Plata"]
[Date "2024.03.24"]
[Round "1.7"]
[White "Parma, Pamela"]
[Black "Espinoza Palomino, Willyam"]
[Result "0-1"]
[ECO "A46"]
[WhiteElo "1847"]
[BlackElo "2400"]
[Annotator "TA"]
[PlyCount "50"]
[EventDate "2024.03.23"]
[EventType "swiss"]
[EventCountry "ARG"]
[SourceTitle "playchess.com"]
[Source "ChessBase"]
[SourceQuality "1"]
[TimeControl "5400+30"]

1. d4 Nf6 2. Bf4 e6 3. e3 c5 4. Nf3 Nc6 5. c3 Be7 6. h3 O-O 7. Nbd2 d6 8. Be2 {[%emt 0:02:28] White is slightly better.} b6 9. O-O Bb7 10. a4 d5 11. Ne5 Nxe5 12. dxe5 Nd7 13. Bh2 Qc7 14. f4 f6 15. Bg4 Qc6 16. e4 dxe4 $17 17. exf6 (17. Nc4 $17) 17... Nxf6 $19 18. f5 $2 {[%emt 0:01:00] [#]} (18. Nc4 $17) 18... Nxg4 19. Qxg4 exf5 20. Rxf5 Rxf5 21. Qxf5 Rf8 ({Don't play} 21... e3 22. Nf3 $19) 22. Qxe4 (22. Qh5 {is a better defense.}) 22... Bg5 $2 $40 {[%emt 0:03:08][%mdl 128] White is in trouble.} (22... Qxe4 $19 23. Nxe4 Bxe4) 23. Qc4+ $2 (23. Qxc6 $17 {nothing else works.} Be3+ (23... Bxc6 24. Nc4 $17) 24. Kh1 Bxc6 25. Nc4) 23... Kh8 24. Qe2 {[%emt 0:01:15] [#]} (24. Ne4 $19) 24... Be3+ $1 {[%emt 0:00:09][%mdl 512] A strong pair of Bishops.} 25. Kh1 Rf2 {[%emt 0:00:12] Weighted Error Value: White=1.21/Black=0.34.  Loses game:     	White=2     	---        Missed win:     	---       	Black=1      Mistake:       	White=4     	---        Inaccurate:     	White=2     	Black=2      OK:         	White=5     	Black=7      Best:        	---       	Black=1      Brilliant:      	---       	Black=1} 0-1

[Event "53rd Mar Del Plata Open 2024"]
[Site "Mar Del Plata"]
[Date "2024.03.23"]
[Round "1.8"]
[White "Miranda Romo, Daniel"]
[Black "Valerga, Diego"]
[Result "0-1"]
[ECO "D02"]
[WhiteElo "1848"]
[BlackElo "2442"]
[Annotator "TA"]
[PlyCount "60"]
[EventDate "2024.03.23"]
[EventType "swiss"]
[EventCountry "ARG"]
[SourceTitle "playchess.com"]
[Source "ChessBase"]
[SourceQuality "1"]
[TimeControl "5400+30"]

1. d4 d5 2. Nf3 Nf6 3. Bf4 c5 4. c3 e6 5. e3 Nc6 6. Be2 Bd6 7. Ne5 Qc7 8. Bb5 ({Better is} 8. Nxc6 $11 Qxc6 9. Bxd6 Qxd6 10. O-O) 8... O-O {[%emt 0:02:56] Black is slightly better.} 9. Bxc6 bxc6 10. O-O cxd4 11. cxd4 c5 12. Nc3 Ba6 {[%emt 0:00:49] [#] Wards off Nb5. Threatens to win with ...cxd4.} 13. Re1 cxd4 14. Qxd4 (14. exd4 $11 Qb7 15. Re3) 14... Nh5 $17 {[%emt 0:05:05] White is on the road to losing.} 15. Rac1 Rac8 16. g4 (16. Qa4 $17 Qb7 (16... Bxe5 17. Bxe5 Qxe5 18. Qxa6 $11) 17. Rcd1) 16... Nxf4 $19 17. exf4 Qb7 18. b3 (18. Nb1 $142) 18... Qb4 19. Red1 Qxd4 20. Rxd4 g5 21. Nd7 $2 {[%emt 0:00:55] [#]} (21. Ra4 {was worth a try.} Bb5 (21... gxf4 $2 22. Nc4 $19) 22. Rd4) 21... Bxf4 22. Rxf4 gxf4 23. Nxf8 Kxf8 24. Ne2 Rxc1+ 25. Nxc1 {[%emt 0:00:00][%mdl 4096] Endgame. KB-KN} d4 26. b4 Bc4 27. Nb3 Bxb3 28. axb3 f3 29. Kf1 e5 30. Ke1 e4 {[%emt 0:00:08] Weighted Error Value: White=1.04/Black=0.05 (flawless) .  Mistake:       	White=5     	---        Inaccurate:     	White=1     	---        OK:         	White=3     	Black=3      Best:        	White=1     	Black=3} 0-1

[Event "53rd Mar Del Plata Open 2024"]
[Site "Mar Del Plata"]
[Date "2024.03.23"]
[Round "1.9"]
[White "Montiel Marin, Micaela Agustina"]
[Black "Kiselev, Vitalii"]
[Result "0-1"]
[ECO "E61"]
[WhiteElo "1852"]
[BlackElo "2519"]
[Annotator "TA"]
[PlyCount "88"]
[EventDate "2024.03.23"]
[EventType "swiss"]
[EventCountry "ARG"]
[SourceTitle "playchess.com"]
[Source "ChessBase"]
[SourceQuality "1"]
[TimeControl "5400+30"]

1. d4 Nf6 2. Nf3 g6 3. c4 c5 4. e3 Bg7 5. Nc3 O-O 6. g3 cxd4 7. exd4 d5 8. cxd5 Nxd5 9. Bg2 Nc6 10. h3 Nxc3 11. bxc3 e5 {[%emt 0:00:03] Black is slightly better.} 12. Be3 exd4 13. Nxd4 Nxd4 14. cxd4 Be6 {[%emt 0:00:23] Threatening ...Bc4.} 15. O-O Bd5 {[%emt 0:00:13] Prevents d5.} 16. Qa4 Bxg2 17. Kxg2 Qd5+ 18. Kg1 Rfd8 19. Rfd1 a6 20. Rac1 Bf8 21. Qc4 Qxc4 (21... Qf5 {keeps more tension.} 22. g4 Qf3 23. Qf1 f5) 22. Rxc4 Bd6 23. Kf1 Rac8 24. Rdc1 Rxc4 25. Rxc4 $11 {[%emt 0:00:07][%mdl 4096] Endgame. KRB-KRB} f6 26. Ke2 Kf7 27. h4 Ke6 28. Rc2 Kd5 29. Kd3 b5 30. Rc1 Rb8 31. Rb1 $2 (31. Bf4 $1 $11 {and White is okay.}) 31... Rc8 $19 32. Rc1 (32. h5 {might work better.}) 32... Rxc1 33. Bxc1 {[%emt 0:00:04] KB-KB} b4 34. g4 {[%emt 0:00:47] [#]} h5 $1 35. gxh5 (35. g5 Be7 36. Bf4) 35... gxh5 36. Bd2 a5 37. Be3 Bc7 38. Bd2 Bb6 39. Be3 Ba7 40. f3 Bb8 41. Bf2 Bh2 (41... Bd6 $142 42. Be1 Bh2) 42. Ke3 Kc4 {[%emt 0:01:49] [#] Strongly threatening ...a4.} 43. Ke4 a4 {[%emt 0:00:07] ( -> ...b3)} 44. d5 b3 {[%emt 0:00:13] Weighted Error Value: White=0.92/Black=0.21 (precise) .  Loses game:     	White=1     	---        Mistake:       	White=2     	---        Inaccurate:     	---       	Black=1      OK:         	White=9     	Black=10     Strong:       	---       	Black=1} 0-1

[Event "53rd Mar Del Plata Open 2024"]
[Site "Mar Del Plata"]
[Date "2024.03.24"]
[Round "1.10"]
[White "Patino, Uriel"]
[Black "Flores, Diego"]
[Result "0-1"]
[ECO "B23"]
[WhiteElo "1856"]
[BlackElo "2530"]
[Annotator "TA"]
[PlyCount "64"]
[EventDate "2024.03.23"]
[EventType "swiss"]
[EventCountry "ARG"]
[SourceTitle "playchess.com"]
[Source "ChessBase"]
[SourceQuality "1"]
[TimeControl "5400+30"]

1. e4 c5 2. Nc3 a6 3. f4 b5 4. Nf3 Bb7 5. d3 e6 6. g3 d5 7. e5 Nh6 8. Bg2 (8. Bh3 $11) 8... Nf5 $15 9. O-O h5 10. a4 b4 11. Ne2 Nc6 12. b3 (12. c3 $15) 12... Qb6 $17 {[%emt 0:01:28] Black is more active.} 13. Kh1 Rc8 14. Bh3 d4 15. Bxf5 exf5 16. h3 {[%emt 0:00:18] [#]} (16. Kg1 $17 {was called for.}) 16... Ne7 (16... g5 $1 $19 {[%cal Rg5g4] ...g4 would now be deadly.} 17. a5 (17. Nxg5 $2 Nxe5+ 18. Kg1 Qc6 $19) 17... Qd8 (17... Nxa5 18. fxg5 Rc7 19. Kh2 $16) 18. fxg5 Nxe5 (18... Nxa5 $2 19. Kh2 $18)) 17. Kh2 Qc6 18. Rf2 Ng8 19. Qg1 Nh6 {[%emt 0:00:50][%cal Oh6g4] And now ...Ng4+! would win.} 20. Bd2 $2 {[%emt 0:03:48] White does not recover from this.} (20. Qg2 $17) 20... Ng4+ $19 21. hxg4 $2 (21. Kg2) 21... hxg4+ 22. Nh4 Be7 23. Qh1 Qb6 {[%emt 0:06:01][%cal Oe7h4] [#] Hoping for ...Bxh4!} 24. Rg2 Bxh4 (24... Bxg2 25. Kxg2 Qh6 26. Re1 $19 (26. Nxf5 $2 {too greedy.} Qc6+ 27. Kf2 Rxh1 $19)) 25. Kg1 Qc6 {[%emt 0:00:25][%cal Oh4g3] White must now prevent ...Bxg3! White is weak on the light squares} 26. Rh2 Qxh1+ 27. Rxh1 Bxh1 28. gxh4 Bf3 {[%emt 0:01:15][%cal Oh8h4] Strongly threatening ...Rxh4!} 29. Ng3 Rxh4 30. Be1 Kd7 {[%emt 0:00:29] Threatens to win with ...Rch8.} 31. Nxf5 Rh1+ 32. Kf2 Rch8 {[%emt 0:00:10] Weighted Error Value: White=0.90/Black=0.07 (flawless) .  Loses game:     	White=1     	---        Mistake:       	White=4     	Black=1      Inaccurate:     	---       	Black=1      OK:         	White=2     	Black=8      Best:        	White=1     	Black=1} 0-1

[Event "53rd Mar Del Plata Open 2024"]
[Site "Mar Del Plata"]
[Date "2024.03.24"]
[Round "2.1"]
[White "Christiansen, Johan-Sebastian"]
[Black "Meza Astrada, Agustin"]
[Result "1-0"]
[ECO "E08"]
[WhiteElo "2633"]
[BlackElo "2032"]
[Annotator "TA"]
[PlyCount "49"]
[EventDate "2024.03.23"]
[EventType "swiss"]
[EventCountry "ARG"]
[SourceTitle "playchess.com"]
[Source "ChessBase"]
[SourceQuality "1"]
[TimeControl "5400+30"]

1. c4 e6 2. Nf3 d5 3. g3 Nf6 4. Bg2 Be7 5. d4 O-O 6. Qc2 c6 7. O-O b6 8. b3 Bb7 9. Bb2 Nbd7 10. Nc3 c5 11. cxd5 exd5 12. Rfd1 Rc8 13. Rac1 Re8 14. e3 c4 (14... Bd6 $14) 15. bxc4 (15. Ne5 $16) 15... Rxc4 (15... dxc4 $11 {keeps the balance.} 16. d5 a6) 16. Ne5 $16 {[%emt 0:01:20] White is better.} Rc7 17. Qb3 {[%emt 0:03:28] White has more active pieces.} Nf8 {[%emt 0:15:25] [#]} (17... Bf8 $16 18. Nxd5 (18. Bxd5 Nxd5 19. Nxd5 Rxc1 $17) 18... Bxd5 19. Bxd5 Nxe5) 18. e4 $1 $18 Bd6 19. Nxd5 Nxd5 20. exd5 Rxc1 21. Rxc1 ({Much less strong is} 21. Bxc1 Bxe5 22. dxe5 Rxe5) 21... Nd7 22. Nc6 Qa8 {[%emt 0:00:21] [#]} (22... Qf6 23. Ba3 (23. Nxa7 h5 $18) 23... Qh6) 23. Ba3 {[%emt 0:01:13] White has a decisive advantage.} Bxa3 24. Qxa3 Nf6 25. d6 {[%emt 0:06:47] Weighted Error Value: White=0.27 (precise) /Black=0.43.  Mistake:       	White=1     	Black=4      Inaccurate:     	White=1     	---        OK:         	White=4     	Black=4      Best:        	White=1     	---} ({Not} 25. Nxa7 g6 $14 (25... Bxd5 26. Bxd5 Nxd5 27. Qf3 $16)) 1-0

[Event "53rd Mar Del Plata Open 2024"]
[Site "Mar Del Plata"]
[Date "2024.03.24"]
[Round "2.2"]
[White "Dubrovich, Igor"]
[Black "Felgaer, Ruben"]
[Result "0-1"]
[ECO "B33"]
[WhiteElo "2033"]
[BlackElo "2565"]
[Annotator "RC"]
[PlyCount "80"]
[EventDate "2024.03.23"]
[EventType "swiss"]
[EventCountry "ARG"]
[SourceTitle "playchess.com"]
[Source "ChessBase"]
[SourceQuality "1"]
[TimeControl "5400+30"]

1. e4 c5 2. Nf3 Nc6 3. d4 cxd4 4. Nxd4 Nf6 5. Nc3 e5 6. Ndb5 d6 7. Bg5 a6 8. Na3 b5 9. Nd5 Be7 10. Bxf6 Bxf6 11. c3 Bg5 12. Nc2 O-O 13. a4 bxa4 14. Rxa4 a5 15. Bc4 Rb8 16. b3 Kh8 17. Nce3 Bb7 18. h4 Bxe3 19. Nxe3 Ne7 20. Nd5 Bc6 21. Ra2 Bxd5 22. Bxd5 Qc7 23. Bc4 f5 24. O-O fxe4 25. Qd2 Qb6 26. Re1 Rf4 27. Bd5 Rbf8 28. Re2 h6 29. Bxe4 Nf5 30. Bxf5 R8xf5 31. Qd5 e4 32. Qe6 Re5 33. Qc8+ Kh7 34. g3 Rf3 35. Kg2 Qxb3 36. Qc7 Rd3 37. Rxa5 Rxc3 38. Qd8 Rc1 39. Re3 Qd1 40. Kh3 Qf1+ 0-1